 Dungeon Crawl Stone Soup version 0.31.0-9-g3a7656b989 (webtiles) character file.

Game seed: 17471031959222076916

207 qw the Skirmisher (level 5, -5/29 HPs)
             Began as a Deep Elf Hunter on Feb 2, 2024.
             Slain by an iguana (7 damage)
             ... on level 5 of the Dungeon.
             The game lasted 00:00:10 (2633 turns).

qw the Skirmisher (Deep Elf Hunter)                 Turns: 2633, Time: 00:00:11

Health: -5/29      AC:  9    Str: 10    XL:     5   Next: 54%
Magic:  7/7        EV: 12    Int: 14    God:
Gold:   163        SH:  0    Dex: 18    Spells: 4/4 levels left

rFire   . . .        a - +1 shortbow (heavy)
rCold   . . .        (shield currently unavailable)
rNeg    . . .        c - +0 leather armour
rPois   .            o - +2 hat
rElec   .            (no cloak)
rCorr   .            (no gloves)
SInv    .            (no boots)
Will    .....        (no amulet)
Stlth   ++           f - +4 ring of protection
HPRegen 0.24/turn    (no ring)
MPRegen 0.10/turn

%: no passive effects
@: about to teleport
A: no striking features
a: no special abilities


You were on level 5 of the Dungeon.
You visited 1 branch of the dungeon, and saw 5 of its levels.

You collected 163 gold pieces.


   Skills:
 - Level 1.5 Fighting
 - Level 9.1 Ranged Weapons
 + Level 2.4 Dodging
 - Level 1.2 Stealth


You had 4 spell levels left.
You didn't know any spells.
Your spell library was empty.

Inventory:

Hand Weapons
 a - a +1 heavy shortbow (weapon)
Armour
 c - a +0 leather armour (worn)
 o - a +2 hat (worn)
Jewellery
 f - a +4 ring of protection (left hand)
 n - a ring of ice
Scrolls
 d - a scroll of brand weapon
 h - a scroll of enchant armour
 j - a scroll of teleportation
Potions
 b - a potion of cancellation
 e - 3 potions of heal wounds
 g - a potion of haste
 i - a potion of curing
 k - a potion of enlightenment
 q - a potion of magic {unknown}

Dungeon Overview and Level Annotations

Branches:
Dungeon (5/15)
 Temple: D:4-7

Altars:

Shops:
D:3 [


Message History

You shoot an arrow.
The arrow barely misses the gnoll sergeant.
The gnoll sergeant hits you from afar with a +0 trident!
The gnoll sergeant hits you from afar with a +0 trident.
You shoot an arrow.
The arrow hits the gnoll sergeant but does no damage.
The gnoll sergeant is heavily wounded.
The gnoll sergeant closely misses you.
You shoot an arrow. The arrow hits the gnoll sergeant.
The gnoll sergeant is severely wounded.
The gnoll sergeant hits you but does no damage.
The gnoll sergeant hits you from afar with a +0 trident!
2626 ||| READING 3 scrolls of teleportation.
As you read the scroll of teleportation, it crumbles to dust.
You feel strangely unstable.
The gnoll sergeant hits you from afar with a +0 trident.
2627 ||| DRINKING 4 potions of heal wounds.
You feel much better. The gnoll sergeant closely misses you.
You shoot an arrow. The arrow hits the gnoll sergeant!
You kill the gnoll sergeant!
Your surroundings suddenly seem different.
An iguana comes into view.
The iguana hisses angrily.
Your Ranged Weapons skill increases to level 9!
You shoot an arrow. The arrow hits the iguana.
The iguana is moderately wounded.
The iguana bites you! The iguana barely misses you.
You shoot an arrow. The arrow barely misses the iguana.
The iguana completely misses you.
You shoot an arrow. The arrow hits the iguana.
The iguana is severely wounded.
The iguana bites you. The iguana closely misses you.
You shoot an arrow. The arrow barely misses the iguana.
The iguana bites you!
2633 ||| READING 2 scrolls of teleportation.
As you read the scroll of teleportation, it crumbles to dust.
You feel strangely unstable. The iguana bites you!
You die...

#.....+
#.....#
#.....#
#.....#
#.....+
#.....#
#.....#
#.@l..#
#.....#
#.....#
#.....#
+.....#
#.....#
#.....#
#.....#


You could see an iguana.

Vanquished Creatures
  A gnoll sergeant (D:5)
  6 adders
  3 gnolls (D:5)
  2 dart slugs
  A ribbon worm (D:4)
  2 bats
  3 endoplasms
  4 giant cockroaches
  6 goblins
  2 hobgoblins
  5 jackals
  8 kobolds
  4 quokkas
  2 ball pythons (D:1)
  6 frilled lizards
  5 rats
60 creatures vanquished.

Notes
Turn   | Place    | Note
-------+----------+-------------------------------------------
     0 | D:1      | qw the Deep Elf Hunter began the quest for the Orb.
     0 | D:1      | Reached XP level 1. HP: 12/12 MP: 3/3
     0 | D:1      | 0 ||| qw: Version: 0.3-a-155-g5e7d8dd
     0 | D:1      | 0 ||| qw: Game counter: 76
     0 | D:1      | 0 ||| qw: Melee chars always use a shield: true
     0 | D:1      | 0 ||| qw: God list: Okawaru
     0 | D:1      | 0 ||| qw: Allow faded altars: false
     0 | D:1      | 0 ||| qw: Do Orc after clearing Dungeon:15 true
     0 | D:1      | 0 ||| qw: Do second Lair branch before Depths: true
     0 | D:1      | 0 ||| qw: Lair rune preference: random
     0 | D:1      | 0 ||| qw: Goals: Normal
     0 | D:1      | 0 ||| PLANNING D:1-11
   144 | D:1      | Reached XP level 2. HP: 16/16 MP: 4/4
   170 | D:1      | Reached skill level 6 in Ranged Weapons
   804 | D:1      | Reached XP level 3. HP: 20/20 MP: 5/5
   888 | D:1      | 888 ||| READING 3 scrolls labelled ABLEIG RUOHU.
   888 | D:1      | 888 ||| BRANDING +0 shortbow.
   889 | D:1      | 889 ||| READING 2 scrolls of brand weapon.
   889 | D:1      | 889 ||| BRANDING +0 shortbow of electrocution.
   890 | D:1      | 890 ||| READING scroll labelled LAPHAE XUIRU.
   891 | D:1      | 891 ||| READING scroll labelled MOLUM XOKH.
   892 | D:1      | 892 ||| READING 2 scrolls labelled ZUHANG YFFUERURA.
   892 | D:1      | 892 ||| ENCHANTING +0 heavy shortbow.
   893 | D:1      | 893 ||| READING 3 scrolls labelled XAGOOTZI SUHYO.
   897 | D:1      | 897 ||| READING scroll labelled ETIFOI OCEXKITZ.
   932 | D:1      | 932 ||| DROPPING scroll of butterflies.
   940 | D:2      | Found a faded altar of an unknown god.
   954 | D:2      | You fall into a shaft and drop 1 floor!
   966 | D:3      | Found Killurus's Antique Armour Shoppe.
   971 | D:3      | 971 ||| SHOPLISTING glowing leather armour (150 gold, have
                  | 17).
   971 | D:3      | 971 ||| SHOPLISTING ring mail (120 gold, have 17).
   971 | D:3      | 971 ||| SHOPLISTING runed robe (111 gold, have 17).
   971 | D:3      | 971 ||| SHOPLISTING scale mail (120 gold, have 17).
  1036 | D:3      | 1036 ||| READING scroll labelled UHYMIRR TULLYSA.
  1279 | D:2      | Reached skill level 7 in Ranged Weapons
  1479 | D:2      | 1479 ||| DROPPING +1 robe of positive energy.
  1480 | D:2      | 1480 ||| READING scroll labelled LAES ZUILA.
  1480 | D:2      | 1480 ||| IDENTIFYING sedimented puce potion
  1481 | D:2      | 1481 ||| READING scroll labelled QAEWOW GEI.
  1481 | D:2      | 1481 ||| ENCHANTING +0 heavy shortbow.
  1482 | D:2      | 1482 ||| DRINKING 2 fuming black potions.
  1692 | D:3      | Reached XP level 4. HP: 25/25 MP: 6/6
  1978 | D:3      | 1978 ||| UPGRADING to +2 hat.
  1983 | D:3      | 1983 ||| UPGRADING to +4 ring of protection.
  1984 | D:3      | 1984 ||| READING scroll of identify.
  1984 | D:3      | 1984 ||| IDENTIFYING inky potion
  1985 | D:3      | 1985 ||| READING scroll labelled HIUTOL OMAMIW.
  1986 | D:3      | 1986 ||| READING scroll labelled EKYATT URYIVOS.
  2102 | D:4      | 2102 ||| STAIRDANCE
  2112 | D:4      | 2112 ||| STAIRDANCE
  2118 | D:4      | 2118 ||| STAIRDANCE
  2227 | D:4      | Reached skill level 8 in Ranged Weapons
  2541 | D:4      | 2541 ||| DROPPING amulet of magic regeneration.
  2542 | D:4      | 2542 ||| READING scroll of identify.
  2542 | D:4      | 2542 ||| IDENTIFYING yellow potion
  2543 | D:4      | 2543 ||| DRINKING 2 fizzy pink potions.
  2544 | D:4      | 2544 ||| DRINKING 2 clear potions.
  2545 | D:4      | 2545 ||| DROPPING potion of brilliance.
  2585 | D:5      | Entered Level 5 of the Dungeon
  2604 | D:5      | Identified the +3 whip of the Establishment {flame, rPois
                  | rF- rC+ rN++}
  2613 | D:5      | Noticed a gnoll sergeant
  2617 | D:5      | Reached XP level 5. HP: 29/29 MP: 7/7
  2625 | D:5      | HP: 5/29 [gnoll sergeant/+0 trident (10)]
  2626 | D:5      | 2626 ||| READING 3 scrolls of teleportation.
  2626 | D:5      | HP: 1/29 [gnoll sergeant/+0 trident (4)]
  2627 | D:5      | 2627 ||| DRINKING 4 potions of heal wounds.
  2629 | D:5      | Reached skill level 9 in Ranged Weapons
  2632 | D:5      | HP: 2/29 [iguana (8)]
  2633 | D:5      | 2633 ||| READING 2 scrolls of teleportation.
  2633 | D:5      | Slain by an iguana

Levels and vault maps discovered:
D:1:      dpeg_arrival_simpleton_c, layout_basic
D:2:      layout_rooms, basic_ecumenical_altar
D:3:      layout_basic, serial_shops, nicolae_shop_dealshenge, dk_noncrumbling_4
D:4:      layout_cave_pools, minmay_misc_feat_pillars
D:5:      layout_gridville, minmay_temple_entry_junction

Skill      XL: |  1  2  3  4  5 |
---------------+----------------+-----
Ranged Weapons | 6 7 8 9 |  9.1
Fighting       | |  1.5
Dodging        | |  2.4
Stealth        | |  1.2

Action                     |  1- 3 |  4- 6 || total
---------------------------+-------+-------++-------
   Fire: Shortbow          |   111 |    45 ||   156
    Use: Scroll            |    10 |     6 ||    16
         Potion            |     1 |     3 ||     4
 Armour: Leather armour    |    12 |    18 ||    30
  Dodge: Dodged            |    21 |    27 ||    48

Table legend:
 A = Non-vault XP
 B = Vault XP
 C = Vault XP percentage of total XP
 D = Non-vault monster count
 E = Vault monster count
 F = Vault count percentage of total count
                 A         B        C        D         E       F
            +---------+---------+-------+---------+---------+-------
      Total |     296 |       0 |   0.0 |      60 |       0 |   0.0
            +---------+---------+-------+---------+---------+-------
        D:1 |      42 |       0 |   0.0 |      24 |       0 |   0.0
        D:2 |      31 |       0 |   0.0 |      11 |       0 |   0.0
        D:3 |      74 |       0 |   0.0 |      17 |       0 |   0.0
        D:4 |      21 |       0 |   0.0 |       4 |       0 |   0.0
        D:5 |     128 |       0 |   0.0 |       4 |       0 |   0.0
            +---------+---------+-------+---------+---------+-------
